cohdb
Replays
Latest Replays
All Replays
Popular Replays
Top Player Replays
Match Explorer
How It Works
Community
CoH3 Stats
Reddit
Sign in to upload your games and track your stats! →
Sign in with Steam
Match 23118521
Unlisted
Match 23118521
Overview
Messages
Build Orders
End
Royal Engineer Section
Construct Section Command Post
Infantry Section
Vickers Machine Gun Team
Construct Platoon Command Post
Unlock M3 Stuart Light Tanks
Selects Indian Artillery Battlegroup
Selects Towed ML 4.2-inch Heavy Mortar
Towed ML 4.2-inch Heavy Mortar
Selects War Cry
6-pounder Anti-tank Gun Team
Selects Gurkha Rifles Section
Gurkha Rifles Section
Gurkha Rifles Section
Construct Company Command Post
Grenade Package
Selects Off-map Airburst Barrage
Off-map Airburst Barrage
CMP 15cwt Truck
Matilda II Heavy Tank
Foot Guards Section
Matilda II Heavy Tank
Foot Guards Section
Off-map Airburst Barrage
Unlock M3 Grant Medium Tanks
M3 Grant Medium Tank
M3 Grant Medium Tank
SneaKerz
gb_gbg
AllFillaNoScrilla
Katunar
0
0
Comments
sign in to comment!
No comments posted yet!